 Dungeon Crawl Stone Soup version 0.26.1-10-gdfb7c7de75 (webtiles) character file.

Game seed: 6403666047773756952

534 Chiseanne the Conjurer (level 7, 41/46 HPs)
             Began as a Demonspawn Hedge Wizard on Apr 5, 2021.
             Quit the game on level 5 of the Dungeon.
             The game lasted 00:08:54 (4707 turns).

Chiseanne the Conjurer (Demonspawn Hedge Wizard)    Turns: 4707, Time: 00:08:54

Health: 41/46      AC:  5    Str: 10    XL:     7   Next: 4%
Magic:  9/13       EV: 12    Int: 18    God:
Gold:   232        SH:  0    Dex: 12    Spells: 8/14 levels left

rFire    + . .     SeeInvis .   a - +0 short sword
rCold    . . .     Faith    .   (no shield)
rNeg     . . .     Spirit   .   b - +1 robe
rPois    .         Reflect  .   o - +0 helmet
rElec    .         Harm     .   (no cloak)
rCorr    .         Rampage  .   p - +0 pair of gloves
Will     .....                  (no boots)
Stlth    ++........             q - amulet of regeneration
HPRegen  0.55/turn              (no ring)
MPRegen  0.13/turn              (no ring)

@: mildly poisoned (41 -> 41)
A: claws 1, fire resistance 1, spiny 1
a: no special abilities


You were on level 5 of the Dungeon.
You visited 1 branch of the dungeon, and saw 5 of its levels.

You collected 232 gold pieces.

Inventory:

Hand Weapons
 a - a +0 short sword (weapon)
Missiles
 e - 61 sling bullets
 i - 21 poisoned darts (quivered)
 k - 119 arrows
 n - 10 bolts
Armour
 b - a +1 robe (worn)
 o - a +0 helmet (worn)
 p - a +0 pair of gloves (worn)
Jewellery
 c - an uncursed amulet of faith
 q - an amulet of regeneration (around neck)
Scrolls
 d - a scroll of blinking
 h - 2 scrolls of immolation
 j - 4 scrolls of identify
 s - a scroll of teleportation
 t - a scroll of enchant armour
 u - 3 scrolls of magic mapping
Potions
 f - a potion of berserk rage
 g - a potion of cancellation
 l - a potion of brilliance
 m - 2 potions of might
 r - a potion of lignification {unknown}


   Skills:
 - Level 1.7 Dodging
 - Level 1.7 Stealth
 * Level 4.0 Spellcasting
 * Level 4.4 Conjurations
 - Level 1.0 Summonings
 - Level 0.8 Translocations
 * Level 3.2 Air Magic
 - Level 3.1 Poison Magic


You had 8 spell levels left.
You knew the following spells:

 Your Spells              Type           Power        Failure   Level
a - Magic Dart            Conj           76%          2%          1
b - Blink                 Tloc           N/A          16%         2
d - Mephitic Cloud        Conj/Pois/Air  16%          10%         3

Your spell library contained the following spells:

 Spells                   Type           Power        Failure   Level
 Summon Small Mammal      Summ           28%          10%         1
 Call Imp                 Summ           7%           14%         2
 Conjure Flame            Conj/Fire      11%          19%         3
 Slow                     Hex            3%           22%         2
 Call Canine Familiar     Summ           7%           28%         3
 Summon Guardian Golem    Hex/Summ       5%           34%         3
 Summon Lightning Spire   Summ/Air       11%          52%         4
 Summon Ice Beast         Ice/Summ       5%           75%         4


Dungeon Overview and Level Annotations

Branches:
Dungeon (5/15)
 Temple: D:4-7

Altars:
Ashenzari
Cheibriados
Elyvilon
Kikubaaqudgha


Innate Abilities, Weirdness & Mutations

You have sharp fingernails.
Your flesh is heat resistant. (rF+)
You are partially covered in sharp spines.


Message History

Your Spellcasting skill increases to level 4!
You have reached level 7!
Your demonic ancestry asserts itself...
Your fingernails lengthen.
You hit the jackal.
The jackal is moderately wounded.
The jackal is struck by your spines.
You kill the jackal!
The jackal closely misses you.
You hit the jackal but do no damage.
The jackal is moderately wounded.
The jackal bites you but does no damage.
The jackal bites you.
You hit the jackal.
The jackal is almost dead.
You feel sick. The jackal completely misses you.
You hit the jackal.
You kill the jackal!
You see here a jackal corpse.
Are you sure you want to abandon this character and quit the game? (Confirm with "yes".)

.........# .........#
#..# #..# #....# #..#
#....# #(†# #....# #(.#
#..†.#.#.##. #..#
#....# .... #@†#
#....###.## #..#
#.........# #..#
#.........# #..#
##'#......#####..######
#.#_###+#............#
#.#.###.#.##########.#
#.#.........#
#.#####.#####


There were no monsters in sight!

Vanquished Creatures
  Eustachio (D:4)
  A scorpion (D:4)
  2 orc wizards (D:4)
  An orc priest (D:4)
  An iguana (D:5)
  A worker ant (D:5)
  A howler monkey skeleton (D:4)
  9 adders
  3 oozes
  3 worms
  3 dart slugs
  5 leopard geckos
  6 orcs
  6 giant cockroaches
  7 goblins
  7 hobgoblins
  8 jackals
  7 kobolds
  A quokka (D:4)
  2 ball pythons (D:3)
  6 bats
  6 frilled lizards
  A leopard gecko skeleton (D:4)
  6 rats
94 creatures vanquished.

Vanquished Creatures (others)
  2 ogres (D:5)
  A scorpion (D:5)
  A hound (D:5)
  2 worker ants (D:5)
  An orc (D:5)
  A ball python skeleton (D:5)
  A frilled lizard (D:5)
  2 plants (D:2)
11 creatures vanquished.

Grand Total: 105 creatures vanquished

Notes
Turn   | Place    | Note
-------+----------+-------------------------------------------
     0 | D:1      | Chiseanne the Demonspawn Hedge Wizard began the quest for
                  | the Orb.
     0 | D:1      | Reached XP level 1. HP: 13/13 MP: 4/4
   356 | D:1      | Gained mutation: You are partially covered in sharp spines.
                  | [demonic ancestry]
   356 | D:1      | Reached XP level 2. HP: 16/19 MP: 1/6
   772 | D:1      | Gained mutation: Your flesh is heat resistant. (rF+)
                  | [demonic ancestry]
   772 | D:1      | Reached XP level 3. HP: 15/24 MP: 8/8
  1021 | D:1      | Learned a level 2 spell: Blink
  1025 | D:1      | Learned a level 3 spell: Mephitic Cloud
  1233 | D:2      | Found a faded altar of an unknown god.
  1703 | D:2      | Found a white marble altar of Elyvilon.
  1742 | D:2      | You fall into a shaft and drop 2 floors!
  1759 | D:4      | Noticed a scorpion
  1856 | D:3      | Reached skill level 1 in Poison Magic
  1856 | D:3      | Reached XP level 4. HP: 21/30 MP: 4/9
  1859 | D:3      | Reached skill level 1 in Air Magic
  2894 | D:3      | Found a broken altar of Ashenzari.
  3196 | D:3      | Reached XP level 5. HP: 35/35 MP: 4/10
  3780 | D:4      | Noticed Eustachio
  3790 | D:4      | Found a snail-covered altar of Cheibriados.
  3797 | D:4      | Killed Eustachio
  3798 | D:4      | Reached XP level 6. HP: 41/41 MP: 5/11
  4614 | D:5      | Entered Level 5 of the Dungeon
  4657 | D:5      | Found an ancient bone altar of Kikubaaqudgha.
  4702 | D:5      | Gained mutation: You have sharp fingernails. [demonic
                  | ancestry]
  4702 | D:5      | Reached XP level 7. HP: 40/46 MP: 9/13
  4707 | D:5      | Quit the game

Illustrated notes

Levels and vault maps discovered:
D:1:      dpeg_arrival_snail, layout_rooms, serial_glass, glass_columns_b,
          glass_columns_c, minmay_strange_pillars, minmay_pentomino_s2
D:2:      layout_loops_cross, marbit_many_paths,
          chequers_ecumenical_altar_simple, minmay_misc_feat_more_columns,
          serial_bayou_crossing
D:3:      layout_loops_ring, nicolae_ashenzari_panopticon
D:4:      layout_basic, old_standard_altar, kennysheep_minor_cross,
          minmay_bisected, uniq_eustachio
D:5:      layout_basic, xom_confusion_cloud, grunt_gozag_breadcrumbs,
          bloody_trog, overflow_temple_1_default, lemuel_doored_altar,
          serial_shops, shop, hex_tiny

Skill      XL: |  1  2  3  4  5  6 |
---------------+-------------------+-----
Conjurations   | 2 3 4 |  4.4
Poison Magic   | 1 2 3 |  3.1
Air Magic      | 1 2 3 |  3.2
Spellcasting   | 4 |  4.0
Dodging        | |  1.7
Stealth        | |  1.7
Summonings     | |  1.0
Translocations | |  0.8

Action                   |  1- 3 |  4- 6 |  7- 9 || total
-------------------------+-------+-------+-------++-------
Melee: Dagger            |    21 |       |       ||    21
       Short sword       |    39 |    66 |     4 ||   109
Throw: Dart              |       |     8 |       ||     8
 Cast: Magic Dart        |    64 |   115 |       ||   179
       Mephitic Cloud    |       |     3 |       ||     3
  Use: Scroll            |     8 |     7 |       ||    15
 Stab: Sleeping          |     1 |     2 |       ||     3
Armor: Robe              |    16 |     6 |     1 ||    23
Dodge: Dodged            |    39 |    40 |     2 ||    81
